 Dungeon Crawl Stone Soup version 0.30-a0-50-gb2d611f6b1 (webtiles) character file.

Game seed: 10834913430022370987

6 PyroL the Sneak (level 1, 0/9 HPs)
             Began as a Spriggan Enchanter on Sept 5, 2022.
             Slain by a kobold
             ... wielding a +0 whip
              (4 damage)
             ... on level 1 of the Dungeon.
             The game lasted 00:00:29 (175 turns).

PyroL the Sneak (Spriggan Enchanter)                 Turns: 175, Time: 00:00:30

Health: 0/9        AC:  2    Str:  4    XL:     1   Next: 75%
Magic:  5/5        EV: 17    Int: 16    God:
Gold:   24         SH:  0    Dex: 15    Spells: 5/5 levels left

rFire   . . .      SeeInvis +    a - +1 dagger
rCold   . . .      Faith    .    (no shield)
rNeg    . . .      Spirit   .    b - +0 robe
rPois   .          Reflect  .    (helmet restricted)
rElec   .          Harm     .    (no cloak)
rCorr   .          Rampage  .    (gloves unavailable)
Will    .....                    (boots unavailable)
Stlth   +++.......               (no amulet)
HPRegen 0.03/turn                (no ring)
MPRegen 0.09/turn                (no ring)

@: very quick
A: very small, no large weapons, unfitting armour, see invisible, speed 3
a: no special abilities


You were on level 1 of the Dungeon.
You visited 1 branch of the dungeon, and saw 1 of its levels.

You collected 24 gold pieces.

Inventory:

Hand Weapons
 a - a +1 dagger (weapon)
Armour
 b - a +0 robe (worn)
Scrolls
 d - 2 scrolls of vulnerability {unknown}
 e - a scroll of butterflies {unknown}
 f - a scroll of acquirement {unknown}
Potions
 c - 2 potions of invisibility
 g - a potion of brilliance {unknown}


   Skills:
 + Level 1.3 Short Blades
 + Level 2.8 Dodging
 + Level 4.5 Stealth
 + Level 2.8 Spellcasting
 + Level 3.7 Hexes


You had 5 spell levels left.
You didn't know any spells.
Your spell library contained the following spells:

 Spells                   Type           Power      Damage    Failure   Level
 Confusing Touch          Hex            14%        N/A       12%         3
 Tukima's Dance           Hex            14%        N/A       12%         3
 Ensorcelled Hibernation  Hex/Ice        16%        N/A       13%         2
 Dazzling Flash           Conj/Hex       16%        N/A       26%         3


Dungeon Overview and Level Annotations

Branches:
Dungeon (1/15)

Altars:


Innate Abilities, Weirdness & Mutations

You are very small and have problems with some larger weapons.
You are too small for most types of armour.
You have supernaturally acute eyesight. (SInv)
You cover ground extremely quickly. (Speed+++)


Message History

You see here a silvery potion.
A hobgoblin comes into view.
Found a scroll labelled SAOMAALEAP.
The helpless giant cockroach fails to defend itself.
You puncture the giant cockroach!
You kill the giant cockroach!
g - a silvery potion
There are no items here.
d - 2 scrolls labelled SAOMAALEAP (gained 1)
A kobold comes into view. It is wielding a +0 whip.
The kobold shouts!
You hit the hobgoblin but do no damage. The hobgoblin hits you.
You hit the hobgoblin.
The hobgoblin is moderately wounded.
The hobgoblin completely misses you.
You hit the hobgoblin.
The hobgoblin is severely wounded.
The hobgoblin closely misses you.
You barely miss the hobgoblin.
The hobgoblin is severely wounded.
The hobgoblin completely misses you.
You hit the hobgoblin.
The hobgoblin is almost dead.
The hobgoblin misses you.
You closely miss the hobgoblin.
The hobgoblin is almost dead.
The hobgoblin closely misses you.
You closely miss the hobgoblin.
The hobgoblin is almost dead.
The hobgoblin hits you.
* * * LOW HITPOINT WARNING * * *
You hit the hobgoblin.
You kill the hobgoblin!
You hit the kobold.
The kobold is moderately wounded.
The kobold completely misses you.
You barely miss the kobold.
The kobold is moderately wounded.
The kobold hits you with a +0 whip.
You die...

### #.. #.# #.# #.# .#.#
#.# ...# #K# #..# ###@#
##..# .. ..#.# .##..# .#
#.#.# #.##..##.# #.#.#
..##.....# #.#.#
#........# #.#.#######
####.#...#####..........
####.#.#.......#.#######
.......#####.###.#


You could see a kobold.

Vanquished Creatures
  An endoplasm (D:1)
  2 giant cockroaches (D:1)
  A hobgoblin (D:1)
  A frilled lizard (D:1)
5 creatures vanquished.

Notes
Turn   | Place    | Note
-------+----------+-------------------------------------------
     0 | D:1      | PyroL the Spriggan Enchanter began the quest for the Orb.
     0 | D:1      | Reached XP level 1. HP: 9/9 MP: 5/5
   175 | D:1      | Slain by a kobold

Illustrated notes

Levels and vault maps discovered:
D:1:      reono_arrival_mine, layout_loops_ring

Action                   || total
-------------------------++-------
Melee: Dagger            ||    21
 Stab: Sleeping          ||     2
Armor: Robe              ||     1
Dodge: Dodged            ||    12

Table legend: (Time is in decaauts)
 A = Elapsed time spent in this place.
 B = Non-inter-level travel time spent in this place.
 C = Inter-level travel time spent in this place.
 D = Time resting spent in this place.
 E = Time spent auto-exploring this place.
 F = Levels seen in this place.
 G = Mean time per level.
                   A        B        C        D        E       F      G
               +--------+--------+--------+--------+--------+-----+--------+
         Total |    114 |    114 |      0 |      0 |     66 |   1 |  114.0 |
       Dungeon |    114 |    114 |      0 |      0 |     66 |   1 |  114.0 |
               +--------+--------+--------+--------+--------+-----+--------+

Top non-repeatable levels by time:
     D:1: 114 daAuts
